 Dungeon Crawl Stone Soup version 0.24-a0-292-g5c6fb1c (webtiles) character file.

Game seed: 4494809991426347729

5817 Mgcat the Fighter (level 10, 0/85 HPs)
             Began as a Mummy Monk on May 10, 2019.
             Slain by Joseph
             ... wielding a +0 quarterstaff
              (17 damage)
             ... on level 8 of the Dungeon.
             The game lasted 00:56:40 (25212 turns).

Mgcat the Fighter (Mummy Monk)                     Turns: 25212, Time: 00:56:41

Health: 0/85       AC:  9    Str: 17    XL:     10   Next: 51%
Magic:  10/10      EV: 11    Int: 10    God:
Gold:   571        SH: 12    Dex: 15    Spells: 9/9 levels left

rFire    . . .     SeeInvis .     - Unarmed
rCold    . . .     Gourm    .   o - +0 large shield
rNeg     + + +     Faith    .   (no armour)
rPois    ∞         Spirit   .   (no helmet)
rElec    .         Reflect  .   k - +1 cloak
rCorr    .         Harm     .   (no gloves)
MR       +....                  j - +1 pair of boots
Stlth    ++........             (no amulet)
HPRegen  0.24/turn              l - +5 ring of protection
MPRegen  0.12/turn              b - ring of fire {rF+, rC-}

@: about to teleport
A: no food or potions, fire vulnerability, cold resistance 1, negative energy
resistance 3, torment resistance, unbreathing
a: no special abilities


You were on level 8 of the Dungeon.
You were not hungry.

You visited 1 branch of the dungeon, and saw 8 of its levels.
You also visited: Sewer.

You collected 571 gold pieces.

Inventory:

Armour
 j - a +1 pair of boots (worn)
   (You found it on level 3 of the Dungeon)
 k - a +1 cloak (worn)
   (You found it on level 3 of the Dungeon)
 o - a +0 large shield (worn)
   (You found it on level 5 of the Dungeon)
Jewellery
 b - a ring of fire (right hand) {rF+, rC-}
   (You found it on level 1 of the Dungeon)
 d - an uncursed ring of protection from cold {rC+, !d}
   (You took it off a wight on level 7 of the Dungeon)
 f - a +2 ring of protection
   (You found it on level 2 of the Dungeon)
 l - a +5 ring of protection (left hand)
   (You found it on level 4 of the Dungeon)
 n - an uncursed ring of ice {rC+, rF-}
   (You found it on level 6 of the Dungeon)
Scrolls
 a - 5 scrolls of remove curse
 e - a scroll of fog
 h - a scroll of magic mapping {!r}
 i - a scroll of noise {!r}
 m - a scroll of immolation {!r}
 p - 2 scrolls of identify
 q - a scroll of silence
 r - a scroll of holy word {unknown}


   Skills:
 - Level 10.0 Fighting
 - Level 2.0 Armour
 + Level 5.5 Dodging
 - Level 3.0 Stealth
 - Level 2.0 Shields
 + Level 8.9 Unarmed Combat


You had 9 spell levels left.
You didn't know any spells.
Your spell library contained the following spells:

 Spells                   Type           Power        Failure   Level  Hunger
 Confusing Touch          Hex            #.....       100%        1    N/A
 Confuse                  Hex            #.......     100%        3    N/A
 Gell's Gravitas          Tloc           #.........   100%        3    N/A
 Petrify                  Tmut/Erth      #.......     100%        4    N/A
 Metabolic Englaciation   Hex/Ice        #.........   100%        5    N/A
 Yara's Violent Unravell  Hex/Tmut       #.........   100%        5    N/A

Dungeon Overview and Level Annotations

Branches:
Dungeon (8/15)             Temple (0/1) D:7            Lair (0/6) D:8

Altars:
Ashenzari
Dithmenos
Fedhas
Gozag
Kikubaaqudgha
Okawaru
Ru
Trog
Wu Jian
Yredelemnul

Annotations:
D:7 3 exclusions, Dowan, Harold
D:8 exclusion: troll, Joseph


Innate Abilities, Weirdness & Mutations

You do not eat or drink.
Your flesh is vulnerable to fire.
You are immune to poison.
Your flesh is cold resistant. (rC+)
You are immune to negative energy. (rN+++)
You are immune to unholy pain and torment.
You can survive without breathing.


Message History

You take 4 damage, and have 78/85 hp.
You punch the basilisk!
The basilisk is moderately wounded.
The basilisk bites you but does no damage.
You punch the basilisk!
The basilisk is severely wounded.
You barely miss the basilisk.
The basilisk is severely wounded.
You block the basilisk's attack.
You punch the basilisk!
You kill the basilisk!
No target in view!
No target in view!
Found a stone staircase leading down.
Health restored: 85
There is a stone staircase leading down here.
Found a staircase to the Lair.
There is a staircase to the Lair here.
Marking area around Joseph as unsafe for travelling.
Joseph, a Mercenary comes into view.
He is wielding a +0 quarterstaff.
Joseph shouts!
Spoiler Alert: Joseph shoots branded sling bullets!
Unknown command.
Unknown command.
Unknown command.
Unknown command.
Unknown command.
You start waiting.
Joseph is too close now for your liking.
Spoiler Alert: Joseph shoots branded sling bullets!
Press: ? - help, v - describe, . - travel
Here: Joseph, wielding a +0 quarterstaff and wearing a +0 ring mail The floor.
Unknown command.
Unknown command.
You hit Joseph.
Joseph is lightly wounded.
You block Joseph's attack.
Spoiler Alert: Joseph shoots branded sling bullets!
You closely miss Joseph.
Joseph is lightly wounded.
You block Joseph's attack.
You hit Joseph but do no damage.
Joseph is lightly wounded.
Joseph hits you with a +0 quarterstaff!!
You take 19 damage, and have 66/85 hp.
MASSIVE DAMAGE!!
Spoiler Alert: Joseph shoots branded sling bullets!
You punch Joseph!
Joseph is moderately wounded.
Joseph hits you with a +0 quarterstaff!
You take 9 damage, and have 57/85 hp.
You are too injured to fight recklessly!
You are too injured to fight recklessly!
Spoiler Alert: Joseph shoots branded sling bullets!
You are too injured to fight recklessly!
You are too injured to fight recklessly!
You hit Joseph but do no damage.
Joseph is moderately wounded.
Joseph hits you with a +0 quarterstaff.
You take 6 damage, and have 51/85 hp.
Spoiler Alert: Joseph shoots branded sling bullets!
You hit Joseph.
Joseph is moderately wounded.
Joseph shouts, "I love to fight!
I love killing!"
You block Joseph's attack.
Your shield prevents you from hitting Joseph.
Joseph is moderately wounded.
Joseph hits you with a +0 quarterstaff.
You take 5 damage, and have 47/85 hp.
Spoiler Alert: Joseph shoots branded sling bullets!
You closely miss Joseph.
Joseph is moderately wounded.
Joseph shouts, "I love to fight!
I love killing!"
Joseph hits you with a +0 quarterstaff.
You take 2 damage, and have 45/85 hp.
You punch Joseph!
Joseph is heavily wounded.
Joseph hits you with a +0 quarterstaff!
You take 9 damage, and have 36/85 hp.
Spoiler Alert: Joseph shoots branded sling bullets!
Your shield prevents you from hitting Joseph.
Joseph is heavily wounded.
Your shield prevents you from hitting Joseph.
Joseph is heavily wounded.
Joseph hits you with a +0 quarterstaff!!
* * * LOW HITPOINT WARNING * * *
You take 20 damage, and have 17/85 hp.
MASSIVE DAMAGE!!
Spoiler Alert: Joseph shoots branded sling bullets!
Unknown command.
Unknown command.
As you read the scroll of teleportation, it crumbles to dust.
You feel strangely unstable. You block Joseph's attack.
Unknown command.
Unknown command.
Spoiler Alert: Joseph shoots branded sling bullets!
Unknown command.
You hit Joseph.
Joseph is heavily wounded.
Joseph hits you with a +0 quarterstaff!
You die...

...... ..... .... ...@..
.........# #
#.#....#.###### #
#.#.##.#.#@...# ##
#.#......@....# .#
####......#.#....#
.###.........#.###.#####
.............^.>.......#
#.##.###.....#.#...###.#
#.##.# ##.##..###...####
#.##.# #.######.....##
#.##.# #.# #.......#


You could see Joseph.

Vanquished Creatures
  Pikel (D:8)
  An elephant (D:8)
  A troll (D:8)
  Prince Ribbit (D:8)
  Grinder (D:5)
  A hippogriff (D:8)
  Sigmund (D:3)
  2 basilisks (D:8)
  The ghost of Ratty the Grave Robber, an amateur DENe (D:3)
  A water moccasin (D:5)
  A slave (D:6)
  3 sky beasts
  A hornet zombie (D:7)
  3 ice beasts
  4 phantoms
  2 orc warriors
  2 centaurs (D:8)
  2 ogres
  3 bullfrogs
  A wyvern skeleton (D:6)
  2 scorpions
  6 killer bees (D:8)
  4 wights (D:7)
  2 electric eels (D:6)
  A howler monkey (D:8)
  2 crimson imps
  3 hounds
  3 orc priests
  Crazy Yiuf (D:2)
  3 centaur skeletons
  3 gnoll shamans
  2 iguanas
  6 orc wizards
  5 worker ants
  Ijyb (D:3)
  A hound skeleton (D:5)
  A worker ant zombie (D:5)
  13 gnolls
  13 adders
  A river rat (D:5)
  2 shadow imps
  An adder skeleton (D:6)
  A dart slug (D:1)
  8 leopard geckos
  25 orcs
  6 ball pythons
  3 giant cockroaches
  6 goblins
  3 hobgoblins
  19 jackals
  18 kobolds
  4 quokkas
  7 bats
  9 frilled lizards
  A giant cockroach zombie (D:5)
  A quokka skeleton (D:5)
  5 rats
  A plant (Sewer)
226 creatures vanquished.

Vanquished Creatures (others)
  2 slaves (D:7)
  An orc (D:5)
  A bush (D:8)
  2 fungi (D:8)
  A plant (D:6)
  2 withered plants (D:3)
9 creatures vanquished.

Grand Total: 235 creatures vanquished

Notes
Turn   | Place    | Note
-------+----------+-------------------------------------------
     0 | D:1      | Mgcat the Mummy Monk began the quest for the Orb.
     0 | D:1      | Reached XP level 1. HP: 18/18 MP: 1/1
   210 | D:1      | Reached skill level 2 in Stealth
   236 | D:1      | Reached XP level 2. HP: 21/24 MP: 2/2
  1100 | D:1      | Reached XP level 3. HP: 26/29 MP: 3/3
  1983 | D:2      | Found a runed translucent door.
  1984 | D:2      | Noticed Crazy Yiuf
  2748 | D:2      | Found a shadowy altar of Dithmenos.
  3206 | D:3      | Reached skill level 3 in Stealth
  3206 | D:3      | Reached XP level 4. HP: 25/35 MP: 4/4
  3383 | D:3      | Reached skill level 3 in Unarmed Combat
  3991 | D:3      | Reached skill level 4 in Fighting
  4074 | D:3      | Found an opulent altar of Gozag.
  4201 | D:3      | Found a runed translucent door.
  4202 | D:3      | Noticed Ratty's ghost (amateur DENe)
  4240 | D:3      | Noticed Ijyb
  5492 | D:4      | Reached XP level 5. HP: 13/42 MP: 5/5
  6566 | D:4      | Noticed a phantom
  6583 | D:5      | Entered Level 5 of the Dungeon
  6583 | D:5      | Found a basalt altar of Yredelemnul.
  6607 | D:5      | Reached XP level 6. HP: 39/50 MP: 6/6
  6608 | D:5      | Found a glowing drain.
  6646 | D:5      | Reached skill level 4 in Unarmed Combat
  6654 | D:5      | Noticed an ice beast
  6656 | Sewer    | Entered a sewer
  7508 | Sewer    | Reached skill level 5 in Fighting
  7932 | D:5      | Killed an ice beast
  8030 | D:5      | Noticed Grinder
  8132 | D:5      | Noticed an ice beast
  8175 | D:4      | HP: 12/51 [ice beast (6)]
  8176 | D:4      | Killed an ice beast
  8176 | D:4      | Reached skill level 3 in Dodging
  8176 | D:4      | Reached XP level 7. HP: 13/56 MP: 7/7
  9594 | D:4      | Found a sacrificial altar of Ru.
  9772 | D:4      | Reached skill level 6 in Fighting
  9772 | D:4      | Reached skill level 5 in Unarmed Combat
 10823 | D:5      | Found an iron altar of Okawaru.
 10824 | D:5      | Found an ornate altar of the Wu Jian Council.
 10825 | D:5      | Found a basalt altar of Yredelemnul.
 10851 | D:5      | Reached XP level 8. HP: 57/65 MP: 8/8
 10946 | D:5      | Found an ancient bone altar of Kikubaaqudgha.
 10946 | D:5      | Found a shattered altar of Ashenzari.
 11133 | D:5      | Killed Grinder
 11133 | D:5      | Reached skill level 7 in Fighting
 11133 | D:5      | Reached skill level 6 in Unarmed Combat
 11605 | D:5      | Found a bloodstained altar of Trog.
 12548 | D:6      | Reached skill level 8 in Fighting
 13152 | D:6      | Reached skill level 7 in Unarmed Combat
 13919 | D:7      | Reached XP level 9. HP: 52/74 MP: 9/9
 14456 | D:7      | Noticed Dowan
 14598 | D:7      | Noticed Pikel
 14934 | D:7      | Noticed Harold
 16122 | D:7      | HP: 6/75 [Harold/+5 short sword of draining (14)]
 16130 | D:7      | HP: 3/75 [orc (5)]
 16193 | D:7      | HP: 13/75 [orc (4)]
 16230 | D:7      | HP: 13/75 [orc wizard/magic dart (8)]
 16239 | D:7      | HP: 13/75 [orc wizard/+0 dagger (2)]
 16697 | D:7      | Found a staircase to the Ecumenical Temple.
 16790 | D:8      | Reached skill level 4 in Dodging
 17037 | D:8      | Found a sacrificial altar of Ru.
 17042 | D:8      | Noticed Prince Ribbit
 18213 | D:8      | Killed Pikel
 18213 | D:8      | Reached skill level 9 in Fighting
 18213 | D:8      | Reached skill level 8 in Unarmed Combat
 19302 | D:8      | Killed Prince Ribbit
 19302 | D:8      | Reached skill level 10 in Fighting
 19522 | D:8      | HP: 18/78 [killer bee (3)]
 19953 | D:8      | Reached skill level 1 in Armour
 19953 | D:8      | Reached skill level 1 in Shields
 19953 | D:8      | Reached XP level 10. HP: 34/85 MP: 10/10
 20301 | D:8      | Noticed an elephant
 20776 | D:8      | Found a blossoming altar of Fedhas.
 21291 | D:8      | Killed an elephant
 22075 | D:6      | Reached skill level 2 in Armour
 22075 | D:6      | Reached skill level 2 in Shields
 23492 | D:2      | Killed Crazy Yiuf
 23589 | D:3      | Killed Ijyb
 23608 | D:3      | Noticed Sigmund
 23653 | D:3      | Killed Sigmund
 23653 | D:3      | Reached skill level 5 in Dodging
 23929 | D:3      | Killed Ratty's ghost
 24410 | D:8      | HP: 16/85 [troll (12)]
 24417 | D:8      | HP: 8/85 [orc wizard/magic dart (6)]
 25150 | D:8      | Found a staircase to the Lair.
 25194 | D:8      | Noticed Joseph
 25210 | D:8      | HP: 17/85 [Joseph/+0 quarterstaff (20)]
 25212 | D:8      | Slain by Joseph

Levels and vault maps discovered:
D:1:      lightli_iron_boxes, layout_loops_ring
D:2:      layout_rooms, nicolae_overflow_crystal_walls, uniq_crazy_yiuf_cottage
D:3:      layout_basic, grunt_gozag_statues, gammafunk_ghost_grave,
          uniq_sigmund, uniq_ijyb
D:4:      layout_loops_corners, nicolae_ru_the_path_less_chosen
D:5:      layout_cave_pools, lemuel_doored_altar,
          chequers_temple_overflow_statue_of_worship,
          gammafunk_temple_overflow_wave, cheibrodos_sewer_entry_sluice,
          first_ration, basic_altar, uniq_grinder
D:6:      wad_lake_hut, layout_loops_cross
D:7:      layout_loops_ring, minmay_temple_entry_stoned_glass, grunt_ogre_cave,
          minmay_misc_feat_diagonals, uniq_pikel, uniq_harold, uniq_duvessa
D:8:      layout_basic, david_lair_generic, basic_altar,
          fedhas_bush_and_centaur_altar, uniq_prince_ribbit1, uniq_joseph

Skill      XL: |  1  2  3  4  5  6  7  8  9 10 |
---------------+-------------------------------+-----
Stealth        | 2 3 |  3.0
Unarmed Combat | 3 4 5 7 8 |  8.9
Fighting       | 4 5 6 8 10 | 10.0
Dodging        | 3 4 5 |  5.5
Armour         | 1 2 |  2.0
Shields        | 1 2 |  2.0

Action                   |  1- 3 |  4- 6 |  7- 9 | 10-12 || total
-------------------------+-------+-------+-------+-------++-------
Melee: Unarmed           |   205 |   409 |   673 |   252 ||  1539
       Punch             |     1 |     7 |     9 |       ||    17
  Use: Scroll            |     5 |     4 |     8 |     5 ||    22
 Stab: Sleeping          |     2 |     2 |     1 |     1 ||     6
       Distracted        |       |       |     1 |     1 ||     2
Armor: Robe              |    20 |       |       |       ||    20
       Skin              |    11 |   100 |   173 |    41 ||   325
Dodge: Dodged            |   136 |   227 |   268 |    55 ||   686
Block: Large shield      |       |       |   253 |   124 ||   377

Table legend:
 A = Non-vault XP
 B = Vault XP
 C = Vault XP percentage of total XP
 D = Non-vault monster count
 E = Vault monster count
 F = Vault count percentage of total count
                 A         B        C        D         E       F
            +---------+---------+-------+---------+---------+-------
      Total |    5364 |    2947 |  35.5 |     186 |      39 |  17.3
            +---------+---------+-------+---------+---------+-------
        D:1 |      47 |       0 |   0.0 |      26 |       0 |   0.0
        D:2 |      43 |      39 |  47.6 |      10 |       1 |   9.1
        D:3 |     127 |     389 |  75.4 |      31 |       3 |   8.8
        D:4 |     800 |       0 |   0.0 |      26 |       0 |   0.0
        D:5 |     562 |     297 |  34.6 |      18 |       5 |  21.7
        D:6 |    1154 |       0 |   0.0 |      28 |       0 |   0.0
        D:7 |    1126 |       0 |   0.0 |      23 |       0 |   0.0
        D:8 |    1505 |    2161 |  58.9 |      24 |       7 |  22.6
      Sewer |       0 |      61 | 100.0 |       0 |      23 | 100.0
            +---------+---------+-------+---------+---------+-------

Levels and vault maps discovered:
D:1:      lightli_iron_boxes, layout_loops_ring
D:2:      layout_rooms, nicolae_overflow_crystal_walls, uniq_crazy_yiuf_cottage
D:3:      layout_basic, grunt_gozag_statues, gammafunk_ghost_grave,
          uniq_sigmund, uniq_ijyb
D:4:      layout_loops_corners, nicolae_ru_the_path_less_chosen
D:5:      layout_cave_pools, lemuel_doored_altar,
          chequers_temple_overflow_statue_of_worship,
          gammafunk_temple_overflow_wave, cheibrodos_sewer_entry_sluice,
          first_ration, basic_altar, uniq_grinder
D:6:      wad_lake_hut, layout_loops_cross
D:7:      layout_loops_ring, minmay_temple_entry_stoned_glass, grunt_ogre_cave,
          minmay_misc_feat_diagonals, uniq_pikel, uniq_harold, uniq_duvessa
D:8:      layout_basic, david_lair_generic, basic_altar,
          fedhas_bush_and_centaur_altar, uniq_prince_ribbit1, uniq_joseph

Table legend:
 A = Turns spent in this place as a percentage of turns spent in the entire game.
 B = Non-inter-level travel turns spent in this place as a percentage of non-inter-level travel turns spent in the entire game.
 C = Inter-level travel turns spent in this place as a percentage of turns spent in this place.
 D = Turns resting spent in this place as a percentage of non-inter-level travel turns spent in this place.
 E = Turns spent auto-exploring this place as a percentage of non-inter-level travel turns spent in this place.
 F = Non-inter-level travel turns spent in this place divided by the number of levels of this place that you've seen.
                   A       B       C       D       E      F
               +-------+-------+-------+-------+-------+----------------------
         Total | 100.0 | 100.0 |   4.7 |  58.5 |  24.2 | 2670.6
       Dungeon |  95.1 |  94.9 |   4.9 |  59.7 |  23.4 | 2850.8
         Sewer |   4.9 |   5.1 |   0.0 |  35.8 |  39.2 | 1229.0
               +-------+-------+-------+-------+-------+----------------------

Table legend:
 A = Kills in this place as a percentage of kills in entire the game.
 B = Kills by you in this place as a percentage of kills by you in the entire game.
 C = Kills by friends in this place as a percentage of kills by friends in the entire game.
 D = Other kills in this place as a percentage of other kills in the entire game.
 E = Experience gained in this place as a percentage of experience gained in the entire game.
 F = Experience gained in this place divided by the number of levels of this place that you have seen.
                   A       B       C       D       E      F
               +-------+-------+-------+-------+-------+----------------------
         Total | 100.0 | 100.0 |   N/A | 100.0 | 100.0 | 923.4
       Dungeon |  89.8 |  89.7 |   N/A | 100.0 |  99.3 | 1031.2
         Sewer |  10.2 |  10.3 |   N/A |   0.0 |   0.7 |  61.0
               +-------+-------+-------+-------+-------+----------------------
